 Dungeon Crawl Stone Soup version 0.32-a0-768-g0f6f1dd4b9 (webtiles) character file.

Game seed: 1760018974576310226

58 croobank the Caller (level 4, -4/30 HPs)
             Began as a Human Summoner on Mar 18, 2024.
             Slain by a gnoll
             ... wielding a +0 whip
              (7 damage)
             ... on level 2 of the Dungeon.
             The game lasted 00:06:12 (1884 turns).

croobank the Caller (Human Summoner)                Turns: 1884, Time: 00:06:13

Health: -4/30      AC:  3    Str:  9    XL:     4   Next: 2%
Magic:  0/7        EV: 11    Int: 17    God:
Gold:   10         SH:  0    Dex: 13    Spells: 2/8 levels left

rFire   . . .        d - +0 dagger
rCold   . . .        (no shield)
rNeg    . . .        a - +0 robe
rPois   .            (no helmet)
rElec   .            (no cloak)
rCorr   .            e - +0 pair of gloves
SInv    .            (no boots)
Will    .....        (no amulet)
Stlth   ++           (no ring)
HPRegen 0.25/turn    (no ring)
MPRegen 0.10/turn

%: no passive effects
@: no status effects
A: explore regen
a: no special abilities


You were on level 2 of the Dungeon.
You visited 1 branch of the dungeon, and saw 2 of its levels.

You collected 10 gold pieces.

Inventory:

Hand Weapons
 b - a +0 sling
 d - a +0 dagger (weapon)
 f - a +0 short sword
Missiles
 c - 5 poisoned darts
Armour
 a - a +0 robe (worn)
 e - a +0 pair of gloves (worn)
 g - a +0 leather armour
 s - a +0 buckler
Scrolls
 h - a scroll of fog {unknown}
 j - 2 scrolls of enchant armour {unknown}
 l - a scroll of noise {unknown}
 m - 4 scrolls of teleportation {unknown}
 n - a scroll of poison {unknown}
 q - a scroll of revelation {unknown}
 r - a scroll of fear {unknown}
Potions
 i - 3 potions of lignification {unknown}
 k - 3 potions of magic
 o - a potion of invisibility {unknown}
 p - a potion of haste {unknown}


   Skills:
 + Level 2.7 Dodging
 + Level 2.7 Stealth
 + Level 2.5 Spellcasting
 + Level 4.3 Summonings


You had 2 spell levels left.
You knew the following spells:

 Your Spells              Type           Power      Damage    Failure   Level
a - Summon Small Mammal   Summ           68%        N/A       3%          1
b - Call Imp              Summ           34%        N/A       4%          2
c - Call Canine Familiar  Summ           17%        N/A       9%          3

Your spell library contained the following spells:

 Spells                   Type           Power      Damage    Failure   Level
 Apportation              Tloc           4%         N/A       19%         1
 Kiss of Death            Conj/Necr      8%         2d6       19%         1
 Necrotise                Necr           8%         1d4       19%         1
 Sting                    Conj/Alch      8%         1d3       19%         1
 Confusing Touch          Hex            2%         N/A       50%         3
 Summon Blazeheart Golem  Fire/Summ      9%         N/A       58%         4
 Summon Lightning Spire   Summ/Air       9%         N/A       58%         4
 Dispel Undead            Necr           2%         3d7       88%         4


Dungeon Overview and Level Annotations

Branches:
Dungeon (2/15)

Altars:


Innate Abilities, Weirdness & Mutations

You regain HP and MP as you explore.


Message History

The gnoll hits you with a +0 whip! The gnoll closely misses you.
Casting: Summon Small Mammal (safe; 3% risk of failure)
Confirm with . or Enter, or press ? or * to list all spells.
You don't have enough magic to cast this spell.
Your familiar recovers from its injuries.
Casting: Summon Small Mammal (safe; 3% risk of failure)
Confirm with . or Enter, or press ? or * to list all spells.
You don't have enough magic to cast this spell.
Casting: Summon Small Mammal (safe; 3% risk of failure)
Confirm with . or Enter, or press ? or * to list all spells.
You miscast Call Imp.
You are very lightly contaminated with residual magic.
Nothing appears to happen.
The gnoll hits you from afar with a +0 spear.
The gnoll closely misses you. The gnoll attacks as it pursues you!
The gnoll hits you from afar with a +0 spear.
The gnoll attacks as it pursues you!
The gnoll hits you from afar with a +0 spear.
The gnoll attacks as it pursues you!
The gnoll hits you from afar with a +0 spear.
Your magical contamination has completely faded away.
The gnoll attacks as it pursues you! The gnoll closely misses you.
The gnoll attacks as it pursues you! The gnoll closely misses you.
The gnoll attacks as it pursues you! The gnoll closely misses you.
The gnoll throws a stone.
The stone misses you.
The gnoll throws a stone.
The stone barely misses you. The gnoll attacks as it pursues you!
The gnoll barely misses you.
The gnoll throws a stone.
The stone misses you. The gnoll attacks as it pursues you!
The gnoll hits you with a +0 whip. The gnoll attacks as it pursues you!
The gnoll hits you with a +0 whip!
* * * LOW HITPOINT WARNING * * *
You see here a +0 robe.
The gnoll attacks as it pursues you! The gnoll hits you with a +0 whip.
* * * LOW HITPOINT WARNING * * *
Okay, then.
Casting: Call Imp (safe; 4% risk of failure)
Confirm with . or Enter, or press ? or * to list all spells.
A tiny devil pulls itself out of the air.
The gnoll hits you with a +0 whip!
You die...

#####'###..........####.##.##
#....###+###...#....##.#
####..##...#.....#####.#
##..#.#.#....## #.#
##.#.#.#....# #.#
#........#.# #.# #>.......#.#
#.# #...g...##.# #.#
#..@....##.# #.##
#.5.....##.# #.#.
#.......##.# #.#.
#####'#.##.# #.#.
#.#.##.######.#.
#.#.##........#.
#########.#.##########<.
#<........#.# ##.
###########.# #.


You could see a gnoll (ally target) and a friendly cerulean imp (summoned).

Vanquished Creatures
  2 ball pythons
  An endoplasm (D:1)
  A giant cockroach (D:1)
  3 hobgoblins
  A bat (D:1)
  A frilled lizard (D:1)
  A rat (D:1)
10 creatures vanquished.

Vanquished Creatures (collateral kills)
  A gnoll (D:2)
  An adder (D:2)
  3 endoplasms
  A giant cockroach (D:1)
  2 goblins (D:2)
  A hobgoblin (D:1)
  4 quokkas
  4 ball pythons
  A bat (D:1)
  2 frilled lizards
  3 kobolds (D:1)
  4 rats
27 creatures vanquished.

Grand Total: 37 creatures vanquished

Notes
Turn   | Place    | Note
-------+----------+-------------------------------------------
     0 | D:1      | croobank the Human Summoner began the quest for the Orb.
     0 | D:1      | Reached XP level 1. HP: 13/13 MP: 3/3
   189 | D:1      | Reached XP level 2. HP: 19/19 MP: 1/5
   236 | D:1      | Learned a level 2 spell: Call Imp
   906 | D:1      | Reached XP level 3. HP: 24/24 MP: 1/6
   910 | D:1      | Learned a level 3 spell: Call Canine Familiar
  1834 | D:2      | Reached XP level 4. HP: 29/30 MP: 1/7
  1884 | D:2      | Slain by a gnoll

Illustrated notes

Levels and vault maps discovered:
D:1:      minmay_arrival_split_and_join, layout_basic
D:2:      layout_basic, serial_undead, serial_undead_d, serial_undead_c,
          serial_undead_c, serial_undead_d, minmay_misc_feat_hallway

Action                     |  1- 3 |  4- 6 || total
---------------------------+-------+-------++-------
  Melee: Dagger            |    41 |     2 ||    43
   Cast: Summon Small Mamm |    35 |     2 ||    37
         Call Imp          |    14 |     1 ||    15
         Call Canine Famil |     3 |       ||     3
   Stab: Sleeping          |     6 |       ||     6
         Distracted        |     2 |       ||     2
 Armour: Robe              |    34 |    11 ||    45
  Dodge: Dodged            |    35 |    12 ||    47

Table legend: (Time is in decaauts)
 A = Elapsed time spent in this place.
 B = Non-inter-level travel time spent in this place.
 C = Inter-level travel time spent in this place.
 D = Time resting spent in this place.
 E = Time spent auto-exploring this place.
 F = Levels seen in this place.
 G = Mean time per level.
                   A        B        C        D        E       F      G
               +--------+--------+--------+--------+--------+-----+--------+
         Total |   1883 |   1838 |     45 |    243 |   1104 |   2 |  941.5 |
       Dungeon |   1883 |   1838 |     45 |    243 |   1104 |   2 |  941.5 |
               +--------+--------+--------+--------+--------+-----+--------+

Top non-repeatable levels by time:
     D:1: 1284 daAuts
     D:2: 598 daAuts
